AoeStats
← AgeOfWootch

Arena

508515734Analyzed
3v3 RM · 11d ago on Sep 22, 2026· 52m 20s· 6 players
Game mode
Random Map
Map size
Normal (6 player)
Population
200
Speed
Normal
Resources
Standard
Victory
Conquest
Starting age
Dark Age
Ending age
Imperial Age
RankedLock teamsTeams togetherTeam positionsShared explorationLock speedFull tech treeHidden civsTurbo modeCheats
Victory
Defeat
🇩🇪 Khmer · Germany
1233
+10
🇩🇪 Danes · Germany
1096
+15
🇩🇪 Saxons · Germany
1093
+15
🇩🇪 Vietnamese · Germany
1106
-14
🇩🇪 Saracens · Germany
1087
-14
🇩🇪 Italians · Germany
1050
-12
matzoder
11:39 Feudal Age
15:35 Castle Age
13:49 Double-Bit Axe
19:00 Horse Collar
23:29 Wheelbarrow
26:29 Hand Cart
26:04 Town Watch
26:22 Heavy Plow
27:19 Gold Mining
29:05 Redemption
31:40 Imperial Age
29:59 Town Patrol
30:24 Scale Barding Armor
30:30 Forging
30:39 Bimaristan
33:06 Conscription
32:10 Elite Mameluke
33:26 Ballistics
38:09 Chain Barding Armor
38:24 Iron Casting
49:19 Scale Mail Armor
49:57 Plate Barding Armor
chris
10:11 Feudal Age
14:24 Castle Age
12:20 Double-Bit Axe
12:17 Horse Collar
15:23 Stone Mining
19:46 Stone Shaft Mining
20:19 Bow Saw
20:31 Gold Mining
22:38 Wheelbarrow
27:57 Imperial Age
25:00 Man-at-Arms
25:42 Heavy Plow
26:41 Hand Cart
26:12 Town Watch
26:29 Fletching
27:20 Bodkin Arrow
27:26 Padded Archer Armor
26:57 Light Cavalry
28:51 Scale Barding Armor
28:57 Forging
28:26 Long Swordsman
29:17 Bracer
29:33 Leather Archer Armor
30:41 Chemistry
30:06 Ballistics
30:51 Conscription
30:57 Chain Barding Armor
31:48 Iron Casting
32:35 Ring Archer Armor
35:53 Plate Barding Armor
39:45 Hussar
41:35 Bloodlines
41:27 Husbandry
49:03 Long Swordsman
49:37 Two-Handed Swordsman
51:22 Scale Mail Armor
Mihawk
10:32 Feudal Age
14:55 Castle Age
12:55 Double-Bit Axe
13:05 Horse Collar
17:33 Wheelbarrow
18:06 Loom
20:04 Gold Mining
20:33 Bow Saw
23:29 Heavy Plow
25:33 Stone Mining
27:32 Stone Shaft Mining
27:15 Fortified Wall
30:58 Imperial Age
28:42 Fletching
28:52 Padded Archer Armor
29:35 Hand Cart
29:06 Town Watch
29:45 Ballistics
30:21 Town Patrol
30:20 Bodkin Arrow
30:40 Leather Archer Armor
29:49 Elite Skirmisher
30:53 Thumb Ring
31:35 Imperial Skirmisher
33:06 Bracer
33:36 Ring Archer Armor
34:37 Chemistry
33:19 Treadmill Crane
34:16 Elite Rattan Archer
35:47 Paper Money
35:47 Masonry
36:44 Siege Engineers
36:49 Masonry
36:31 Cavalier
37:11 Husbandry
39:08 Bloodlines
39:10 Scale Barding Armor
44:44 Pikeman
Dabbler
9:53 Feudal Age
11:38 Double-Bit Axe
13:56 Castle Age
11:50 Horse Collar
15:13 Bow Saw
21:22 Wheelbarrow
22:25 Loom
23:30 Hand Cart
27:46 Imperial Age
25:18 Stone Mining
25:43 Scale Mail Armor
25:54 Forging
25:45 Gold Mining
27:47 Chain Mail Armor
28:07 Iron Casting
29:12 Ballistics
29:32 Plate Mail Armor
28:52 Fletching
29:21 Squires
29:08 Arson
31:25 Chemistry
30:22 Shield Wall
30:28 Shield Wall
31:54 Hoardings
31:22 Bodkin Arrow
32:34 Hoardings
31:56 Elite Hearth Troop
32:47 Bracer
35:07 Pikeman
36:24 Masonry
36:03 Halberdier
37:46 Padded Archer Armor
39:05 Elite Skirmisher
40:02 Leather Archer Armor
42:37 Conscription
43:51 Architecture
46:35 Ring Archer Armor
AgeOfWootch
10:43 Feudal Age
14:16 Castle Age
12:29 Double-Bit Axe
12:58 Horse Collar
16:55 Loom
22:36 Heavy Plow
23:34 Bow Saw
25:13 Wheelbarrow
25:52 Gold Mining
26:00 Stone Mining
28:44 Imperial Age
28:32 Hand Cart
28:32 Forging
28:28 Scale Barding Armor
29:00 Husbandry
29:10 Bloodlines
32:38 Chemistry
32:04 Ballistics
32:59 Crop Rotation
33:08 Gold Shaft Mining
33:11 Stone Shaft Mining
32:32 Heavy Scorpion
34:14 Double Crossbow
34:15 Tusk Swords
34:31 Siege Engineers
33:54 Elite Battle Elephant
34:16 Light Cavalry
45:17 Hussar
46:24 Chain Barding Armor
46:39 Iron Casting
Cool Dog
9:50 Feudal Age
13:56 Castle Age
12:24 Double-Bit Axe
12:37 Horse Collar
20:27 Bow Saw
20:46 Heavy Plow
23:09 Wheelbarrow
23:17 Gold Mining
24:08 Hand Cart
24:45 Gold Shaft Mining
28:55 Imperial Age
26:48 Stone Mining
28:27 Stone Shaft Mining
28:07 Forging
27:58 Scale Mail Armor
28:23 Squires
28:09 Arson
28:31 Murder Holes
30:07 Iron Casting
29:52 Gambesons
30:37 Chain Mail Armor
29:57 Elite Jomsviking
30:02 Hamask
32:14 Blast Furnace
32:24 Plate Mail Armor
33:03 Conscription
33:55 Caravan
Connection lost

Rejoining the realm…

Still unreachable

The connection could not be restored.

Session expired

The server has moved on; the page needs a fresh start.